 Dungeon Crawl Stone Soup version 0.31.0-9-g3a7656b989 (webtiles) character file.

Game seed: 6779067377780767662

51 qw the Shooter (level 3, 0/18 HPs)
             Began as a Spriggan Hunter on Feb 2, 2024.
             Hit by a goblin thrown by Robin (2 damage)
             ... on level 2 of the Dungeon.
             The game lasted 00:00:04 (885 turns).

qw the Shooter (Spriggan Hunter)                     Turns: 885, Time: 00:00:04

Health: 0/18       AC:  2    Str:  7    XL:     3   Next: 58%
Magic:  4/4        EV: 19    Int: 10    God:
Gold:   101        SH:  0    Dex: 20    Spells: 2/2 levels left

rFire   . . .        a - +0 shortbow
rCold   . . .        (shield currently unavailable)
rNeg    . . .        c - +0 robe
rPois   .            (helmet restricted)
rElec   .            (no cloak)
rCorr   .            (gloves unavailable)
SInv    +            (boots unavailable)
Will    .....        i - amulet of faith
Stlth   ++           (no ring)
HPRegen 0.23/turn    (no ring)
MPRegen 0.09/turn

%: faith
@: about to teleport, very quick
A: very small, no large weapons, unfitting armour, see invisible, speed 3
a: no special abilities


You were on level 2 of the Dungeon.
You visited 1 branch of the dungeon, and saw 2 of its levels.

You collected 101 gold pieces.


Innate Abilities, Weirdness & Mutations

You are very small and have problems with some larger weapons.
You are too small for most types of armour.
You have supernaturally acute eyesight. (SInv)
You cover ground extremely quickly. (Speed+++)


   Skills:
 - Level 1.5 Fighting
 + Level 4.8 Ranged Weapons
 - Level 4.0 Dodging
 - Level 1.5 Stealth


You had 2 spell levels left.
You didn't know any spells.
Your spell library was empty.

Inventory:

Hand Weapons
 a - a +0 shortbow (weapon)
Armour
 c - a +0 robe (worn)
Jewellery
 e - a ring of willpower
 i - an amulet of faith (around neck)
Scrolls
 b - a scroll of identify {unknown}
Potions
 f - 2 potions of degeneration {unknown}
 h - a potion of cancellation {unknown}
 j - a potion of haste {unknown}

Dungeon Overview and Level Annotations

Branches:
Dungeon (2/15)

Altars:

Annotations:
D:2 Robin


Message History

The arrow hits the hobgoblin but does no damage.
The hobgoblin is almost dead.
The hobgoblin hits you. The goblin barely misses you. Robin barely misses you.
The hobgoblin barely misses you. The goblin completely misses you.
You shoot an arrow. The arrow hits the hobgoblin!
You kill the hobgoblin!
The goblin barely misses you. The goblin hits you with a +0 dagger.
Robin barely misses you. The hobgoblin misses you.
You shoot an arrow. The arrow hits Robin!
Robin is heavily wounded.
Robin throws the goblin at you! The goblin barely misses you.
The goblin misses you. The hobgoblin misses you.
You shoot an arrow. The arrow closely misses Robin.
The hobgoblin misses you. Robin misses you. The goblin misses you.
The goblin closely misses you.
You shoot an arrow.
The arrow hits Robin but does no damage.
Robin is heavily wounded.
The hobgoblin no longer looks unusually strong.
The goblin no longer looks unusually strong.
Robin closely misses you. The goblin hits you but does no damage.
The hobgoblin barely misses you. The goblin completely misses you.
You shoot an arrow. The arrow closely misses Robin.
Robin closely misses you. The goblin hits you but does no damage.
The hobgoblin misses you. The goblin hits you with a +0 dagger.
The hobgoblin barely misses you. The goblin barely misses you.
The goblin closely misses you.
You shoot an arrow. The arrow barely misses Robin.
The goblin hits you with a +0 club. The goblin barely misses you.
The hobgoblin barely misses you.
Robin roars a battlecry!
The goblins go into a battle-frenzy!
885 ||| READING scroll of teleportation.
As you read the scroll of teleportation, it crumbles to dust.
You feel strangely unstable. The hobgoblin misses you.
The goblin hits you with a +0 club. The goblin hits you but does no damage.
The hobgoblin closely misses you. Robin throws the goblin at you!
You die...
Robin says, "And that's why I'm the boss."

###.###.###
#.####.#
...)......#
#.#....#
###.....#.#
#...#..##
#.#####.#
###.....# #.##
#.# ##..#.# ...
#.# #..)##
#.##.##.# #.###
#....g%g# ###
...#.#@g#
.......ggg.)..!
#...#.#.######.
##...[..#
...#.### .... .
#$) # ##


You could see Robin, 3 hobgoblins and 2 goblins.

Vanquished Creatures
  An adder (D:2)
  5 ball pythons
  4 endoplasms
  A giant cockroach (D:2)
  7 goblins
  2 hobgoblins (D:2)
  4 jackals (D:1)
  A bat (D:2)
  2 frilled lizards
  7 kobolds
  7 rats
41 creatures vanquished.

Notes
Turn   | Place    | Note
-------+----------+-------------------------------------------
     0 | D:1      | qw the Spriggan Hunter began the quest for the Orb.
     0 | D:1      | Reached XP level 1. HP: 10/10 MP: 2/2
     0 | D:1      | 0 ||| qw: Version: 0.3-a-155-g5e7d8dd
     0 | D:1      | 0 ||| qw: Game counter: 105
     0 | D:1      | 0 ||| qw: Melee chars always use a shield: true
     0 | D:1      | 0 ||| qw: God list: Okawaru
     0 | D:1      | 0 ||| qw: Allow faded altars: false
     0 | D:1      | 0 ||| qw: Do Orc after clearing Dungeon:15 true
     0 | D:1      | 0 ||| qw: Do second Lair branch before Depths: true
     0 | D:1      | 0 ||| qw: Lair rune preference: random
     0 | D:1      | 0 ||| qw: Goals: Normal
     0 | D:1      | 0 ||| PLANNING D:1-11
    50 | D:1      | Reached skill level 3 in Dodging
    64 | D:1      | Reached XP level 2. HP: 13/14 MP: 3/3
   551 | D:1      | 551 ||| UPGRADING to amulet of faith.
   556 | D:1      | 556 ||| READING 2 scrolls labelled UKHIED VYDEFEXU.
   560 | D:1      | 560 ||| READING scroll labelled ODICYN QONO.
   561 | D:1      | 561 ||| READING scroll labelled DIPUQE ANGIEM.
   562 | D:1      | 562 ||| DROPPING scroll of butterflies.
   630 | D:2      | Reached XP level 3. HP: 15/18 MP: 4/4
   866 | D:2      | Noticed Robin
   884 | D:2      | HP: 3/18 [goblin/+0 club[Robin] (5)]
   885 | D:2      | 885 ||| READING scroll of teleportation.
   885 | D:2      | Hit by a goblin thrown by Robin

Levels and vault maps discovered:
D:1:      elethiomel_arrival_maze, layout_rooms, st_stairs_10
D:2:      minmay_general_purpose_star, layout_loops_ring,
          chequers_serial_rivers_small_b, minmay_close_crescents,
          uniq_crazy_yiuf_cottage, uniq_robin

Skill      XL: |  1  2 |
---------------+-------+-----
Dodging        | 3 4 |  4.0
Fighting       | |  1.5
Ranged Weapons | |  4.8
Stealth        | |  1.5

Action                     || total
---------------------------++-------
   Fire: Shortbow          ||   104
    Use: Scroll            ||     4
 Armour: Robe              ||    24
  Dodge: Dodged            ||    76

Table legend:
 A = Non-vault XP
 B = Vault XP
 C = Vault XP percentage of total XP
 D = Non-vault monster count
 E = Vault monster count
 F = Vault count percentage of total count
                 A         B        C        D         E       F
            +---------+---------+-------+---------+---------+-------
      Total |      56 |      18 |  24.3 |      29 |      12 |  29.3
            +---------+---------+-------+---------+---------+-------
        D:1 |      31 |       3 |   8.8 |      21 |       2 |   8.7
        D:2 |      25 |      15 |  37.5 |       8 |      10 |  55.6
            +---------+---------+-------+---------+---------+-------
